 Dungeon Sprint DCSS version 0.16.2-12-gd0ad4c3 (webtiles) character file.

203 faibistes the Fighter (level 5, -5/67 HPs)
             Began as an Ogre Berserker on Dec 13, 2017.
             Was a Believer of Trog.
             Slain by a slime creature (22 damage)
             ... in the Dungeon (Sprint I: "Red Sonja").
             The game lasted 00:01:07 (301 turns).

faibistes the Fighter (Ogre Berserker)               Turns: 301, Time: 00:01:07

Health: -5/67      AC:  3    Str: 23    XL:     5   Next: 81%
Magic:  5/5        EV: 10    Int:  6    God:    Trog [**....]
Gold:   169        SH:  0    Dex:  9    Spells: 0 memorised, 4 levels left

rFire  . . .     SeeInvis .     j - +0 giant club
rCold  . . .     Clarity  .     b - +0 animal skin
rNeg   . . .     SustAb   .     (shield restricted)
rPois  .         Gourm    .     (helmet restricted)
rElec  .         Spirit   .     (no cloak)
rCorr  .         Warding  .     (gloves unavailable)
rMut   .         NoTele   +     (boots unavailable)
MR     .....                    (no amulet)
Stlth  +.........               (no ring)
                                (no ring)

@: not resistant to hostile enchantments, very unstealthy
A: unfitting armour, tough skin 1
a: Burn Spellbooks, Berserk, Trog's Hand, Renounce Religion


You were in the Dungeon.
You worshipped Trog.
Trog was pleased with you.
You were not hungry.

You visited 1 branch You collected 169 gold pieces.

Inventory:

Hand weapons
 a - a +0 mace
 j - a +0 giant club (weapon)
Armour
 b - a +0 animal skin (worn)
Scrolls
 i - a scroll of blinking
Potions
 d - a potion of curing
 e - a potion of heal wounds
 f - a potion of haste
 g - 2 potions of magic
 h - a potion of berserk rage
 k - a potion of degeneration {unknown}


   Skills:
 * Level 9.5 Fighting
 * Level 9.5 Maces & Flails
 * Level 5.7 Armour
 - Level 1.7 Dodging


You had 4 spell levels left.
You didn't know any spells.

Dungeon Overview and Level Annotations

Branches:
Dungeon (1/1)

Altars:
Cheibriados
Dithmenos
Fedhas
Sif Muna
Vehumet
Jiyva


Innate Abilities, Weirdness & Mutations

You are too large for most types of armour.
You have tough skin (AC +1).


Message History

Found a snail-covered altar of Cheibriados and a shadowy altar of Dithmenos.
There is an open door here.
You hit the slime creature.
The slime creature is lightly wounded.
The slime creature hits you! x2
You sock the slime creature!
The slime creature is lightly wounded.
The slime creature hits you.
You bludgeon the slime creature!!
The slime creature is severely wounded.
The slime creature hits you!
* * * LOW HITPOINT WARNING * * *
You hit the slime creature but do no damage.
The slime creature is severely wounded.
The slime creature closely misses you.
There is an open door here.
You bludgeon the slime creature!!
The slime creature is almost dead.
The slime creature hits you!!
You die...

###################
#<.#..'..#..@J.#__#
#..)..#..').#..'..+
#..#####'#####'#__#
#..# #..# #.####
#..# #### #.# #..#
#..+ #⌠⌠# ..._#
#### #_.#+# ##+


You could see a slime creature.

Vanquished Creatures
  An ogre (D)
  Sigmund (D)
  A jelly (D)
  Ijyb (D)
4 creatures vanquished.

Notes
Turn   | Place    | Note
--------------------------------------------------------------
     0 | D        | faibistes, the Ogre Berserker, began the quest for the Orb.
     0 | D        | Reached XP level 1. HP: 24/24 MP: 1/1
     1 | D        | Noticed Ijyb
     6 | D        | Killed Ijyb
     6 | D        | Reached skill level 5 in Fighting
     6 | D        | Reached skill level 5 in Maces & Flails
     6 | D        | Reached XP level 2. HP: 35/35 MP: 2/2
    44 | D        | Noticed an ogre
    48 | D        | Killed an ogre
    48 | D        | Reached skill level 8 in Fighting
    48 | D        | Reached XP level 3. HP: 37/48 MP: 3/3
    48 | D        | Reached XP level 4. HP: 43/57 MP: 4/4
   185 | D        | Noticed Sigmund
   190 | D        | Killed Sigmund
   190 | D        | Acquired Trog's second power
   190 | D        | Reached skill level 9 in Fighting
   190 | D        | Reached skill level 5 in Armour
   190 | D        | Reached XP level 5. HP: 67/67 MP: 5/5
   246 | D        | Found a deep blue altar of Sif Muna.
   247 | D        | Noticed a jelly
   249 | D        | Found a radiant altar of Vehumet.
   251 | D        | Killed a jelly
   292 | D        | Found a viscous altar of Jiyva.
   292 | D        | Found a blossoming altar of Fedhas.
   292 | D        | Noticed a slime creature
   293 | D        | Found a snail-covered altar of Cheibriados.
   293 | D        | Found a shadowy altar of Dithmenos.
   301 | D        | Slain by a slime creature

Action                   |  1- 3 |  4- 6 || total
-------------------------+-------+-------++-------
Melee: Mace              |     7 |       ||     7
       Giant club        |       |    10 ||    10
Invok: Berserk           |     2 |     2 ||     4
  Eat: Meat ration       |       |     1 ||     1
